Map: Ruby Rock LE

Players

INexorable

  • Race: Terran Terran
  • Spawn Location: 11:00

A.I. 1 (Very Easy) - Winner!

  • Race: Terran Terran
  • Spawn Location: 5:00

VOD

Have the link to the VOD?

Description

Time

  • Played on: Dec. 29, 2025, 2:45 p.m.
  • Length: 5:36
Show
View Real Time Build Order
Export as new Build Order

INexorable Terran 

Build Orders:  

Get SALT Encoding   

  12  0:00  SCV  
  13  0:12  Supply Depot  
  13  0:18  SCV  
  14  0:34  Barracks  
  14  0:40  Refinery  
  14  0:54  Barracks  
  14  0:59  SCV  
  15  1:11  SCV  
  16  1:22  Reaper  
  16  1:25  Orbital Command  
  17  1:34  Refinery  
  17  1:42  Reaper  
  18  1:49  Supply Depot  
  18  1:56  SCV  
  19  2:02  Reaper  
  20  2:08  SCV  
  20  2:14  Reaper  
  22  2:20  SCV  
  23  2:28  Factory  
  23  2:32  SCV  
  23  2:36  Reaper  
  25  2:44  Supply Depot  
  25  2:45  SCV  
  25  2:47  Reaper  
  27  2:57  SCV  
  28  3:10  SCV  
  29  3:14  Factory Tech Lab  
  29  3:23  Command Center  
  29  3:27  SCV  
  30  3:35  Cyclone  
  33  3:42  Starport  
  33  3:45  SCV  
  34  3:52  Supply Depot  
  34  3:57  SCV  
  35  4:07  Siege Tank  
  35  4:09  SCV  
  39  4:15  Refinery  
  39  4:21  Starport Tech Lab  
  39  4:22  SCV  
  40  4:34  Barracks Reactor, SCV  
  40  4:35  Orbital Command  
  41  4:40  Raven  
  43  4:46  SCV  
  44  4:53  Command Center  
  44  4:58  SCV  
  45  5:00  SCV  
  46  5:10  SCV  
  46  5:13  SCV  
  53  5:22  SCV  
  53  5:23  Supply Depot  
Show
View Real Time Build Order
Export as new Build Order

A.I. 1 (Very Easy) Terran - Winner!

Build Orders:  

Get SALT Encoding   

  12  0:00  SCV  
  13  0:13  SCV  
  14  0:18  Supply Depot  
  14  0:36  Refinery  
  14  0:43  Barracks  
  14  1:04  Supply Depot  
  14  1:11  Refinery  
  14  1:29  Marine, SCV  
  16  1:41  SCV  
  17  1:53  SCV  
  18  2:03  Marine  
  18  2:05  SCV  
  19  2:17  SCV  
  20  2:29  SCV  
  20  2:36  Marine  
  21  2:41  Orbital Command  
  12  3:07  SCV  
  12  3:10  Marine  
  14  3:19  SCV  
  15  3:31  SCV  
  16  3:43  SCV  
  16  3:44  Marine  
  18  3:55  SCV  
  19  4:07  SCV  
  20  4:17  Marine  
  20  4:19  SCV  
  22  4:31  SCV  
Tags
 
Matchup
TvT
Race
Terran
Spawn Locations
Cross Positions
Add a new tag
Caveats
  • Supply blocks, unpowered buildings, or Contaminate may cause inaccurate times.
  • Supply counts are checked every 10 seconds.